 Dungeon Crawl Stone Soup version 0.27.1-1-g398f81649c (webtiles) character file.

Game seed: 3798554541533794151

177411 cahman the Warrior (level 17, -4/169 HPs)
             Began as a Minotaur Berserker on Aug 30, 2021.
             Was a High Priest of Trog.
             Killed from afar by an ironbound frostheart (24 damage)
             ... by creeping frost
             ... led by a vault warden
             ... on level 1 of the Vaults on Sept 5, 2021.
             The game lasted 03:05:29 (36861 turns).

cahman the Warrior (Minotaur Berserker)            Turns: 36861, Time: 03:05:30

Health: -4/169     AC: 28    Str: 35    XL:     17   Next: 25%
Magic:  5/5        EV: 12    Int:  4    God:    Trog [*****.]
Gold:   3262       SH: 27    Dex: 10    Spells: 16/16 levels left

rFire    + . .     SeeInvis .   J - +9 flail (antimagic)
rCold    . . .     Faith    .   W - +0 tower shield {rF+}
rNeg     . . .     Spirit   .   m - +3 chain mail {Will+}
rPois    .         Reflect  +   U - +2 hat
rElec    .         Harm     .   i - +2 cloak
rCorr    .         Rampage  .   q - +1 pair of gloves {Stlth+}
Will     ++++.                  w - +2 pair of boots
Stlth    ..........             Q - amulet of reflection
HPRegen  1.38/turn              v - +4 ring of slaying
MPRegen  0.09/turn              C - +6 ring of strength

@: about to teleport, marked, strong-willed, frozen, on berserk cooldown,
regenerating, slowed, very slow
A: horns 2, retaliatory headbutt
}: 1/15 runes: gossamer
a: Renounce Religion, Berserk, Trog's Hand, Brothers in Arms


You were on level 1 of the Vaults.
You worshipped Trog.
Trog was extremely pleased with you.
You visited 5 branches of the dungeon, and saw 28 of its levels.
You also visited: Volcano.

You collected 4398 gold pieces.
You spent 1136 gold pieces at shops.

Inventory:

Hand Weapons
 f - a +2 demon whip of flaming
 x - the +7 dire flail of Agony {vorpal, +Rage Str+2}
   (Trog gifted it to you on level 4 of the Spider Nest)

   It inflicts extra damage upon your enemies.
   Str:       It affects your strength (+2).
   +Rage:     It lets you go berserk.
 G - a +2 morningstar of flaming
 J - a +9 antimagic flail (weapon)
Missiles
 d - 4 throwing nets
 B - 12 silver javelins (quivered)
Armour
 i - a +2 cloak (worn)
 l - a +0 plate armour of cold resistance
 m - a +3 chain mail of willpower (worn)
 q - a +1 pair of gloves of stealth (worn)
 w - a +2 pair of boots (worn)
 U - a +2 hat (worn)
 W - a +0 tower shield of fire resistance (worn)
Jewellery
 v - a +4 ring of slaying (left hand)
 C - a +6 ring of strength (right hand)
 F - a ring of flight
 H - an amulet of the acrobat
 Q - an amulet of reflection (around neck)
Wands
 t - a wand of iceblast (34)
 y - a wand of flame (90)
 L - a wand of paralysis (11)
 M - a wand of acid (8)
 T - a wand of digging (4)
 Y - a wand of mindburst (13)
Scrolls
 c - 4 scrolls of fog
 j - 2 scrolls of immolation
 n - 12 scrolls of teleportation
 p - 9 scrolls of fear
 u - a scroll of summoning
 A - a scroll of identify
 D - 5 scrolls of magic mapping
 E - a scroll of silence
 Z - a scroll of blinking
Potions
 a - 5 potions of mutation
 b - 8 potions of flight
 e - 3 potions of lignification
 g - 8 potions of heal wounds
 h - 4 potions of curing
 k - 6 potions of attraction
 o - 4 potions of magic
 r - 3 potions of ambrosia
 s - 3 potions of resistance
 z - 3 potions of cancellation
 I - a potion of invisibility
 P - 4 potions of might
 R - a potion of berserk rage
 X - 2 potions of haste


   Skills:
 * Level 19.7 Fighting
 - Level 17.2 Maces & Flails
 - Level 4.0 Throwing
 + Level 14.7 Armour
 + Level 13.7 Dodging
 + Level 14.4 Shields


You had 16 spell levels left.
You didn't know any spells.
Your spell library was empty.

Dungeon Overview and Level Annotations

Branches:
Dungeon (15/15)            Temple (0/1) D:5            Lair (6/6) D:11
 Shoals (0/4) Lair:2       Spider (4/4) Lair:4        Slime (0/5) Lair:6
    Orc (2/2) D:9             Elf (0/3) Orc:2        Vaults (1/5) D:14
 Depths (0/5) D:15        Volcano (visited)

Altars:
Ashenzari
Dithmenos
Nemelex Xobeh
Sif Muna
Wu Jian
Xom

Shops:
D:12 =   D:14 *   Orc:2 *!*[


Innate Abilities, Weirdness & Mutations

You have a pair of horns on your head.
You reflexively headbutt those who attack you in melee.


Message History

You headbutt the ironbound frostheart!!
The ironbound frostheart is heavily wounded.
You feel very sick.
The ironbound convoker begins to recite a word of recall!
The boulder beetle stops rolling and uncurls.
You hear some strange, mumbled words.
The ironbound frostheart falters for a moment.
You feel sick.
There is an open door here.
You feel a strong urge to attack something.
You feel sick.
The ironbound frostheart calls freezing cold from the walls.
The frost grips you!!
* * * LOW HITPOINT WARNING * * *
You are encased in ice.
You slam the door shut with a bang!
You are no longer berserk.
You are exhausted.
You feel yourself slow down.
You feel sick.
You feel better. The ice encasing you melts away.
An ironbound frostheart opens the door.
An ironbound frostheart comes into view.
A vault warden comes into view. It is wielding a +0 vorpal great sword.
A centaur warrior and a vault sentinel come into view.
You feel much better.
The ironbound frostheart calls freezing cold from the walls.
The frost grips you!!
* * * LOW HITPOINT WARNING * * *
You are encased in ice.
You block the ironbound frostheart's attack.
As you read the scroll of teleportation, it crumbles to dust.
You feel strangely unstable.
You are no longer corroded.
A yaktaur comes into view.
An ironbound beastmaster comes into view.
It is wielding a +0 quarterstaff.
You block the ironbound frostheart's attack.
The ironbound frostheart calls freezing cold from the walls.
The frost grips you!!
You die...

+..... #..... #.... .
.#########..########+####
............+...........#
............#......>....#
............#...........#
........@...#...........#
#########p###.#...........#
#......pc...#.+...........#
#...#.pp#...#.#####'##+####
# #pcp#...#..............
#.###.c°###.#..............
#......°○...#..............
#.....#.....#..............
#...........#..............


You could see a vault warden, a yaktaur captain (summoned), 2 ironbound
frosthearts, a centaur warrior, an ironbound beastmaster, a vault sentinel, an
ironbound convoker (summoned, catching breath) and a yaktaur.

Vanquished Creatures
  Saint Roka (Orc:1)
  Frances (D:12)
  3 ghost moths
  4 emperor scorpions (Spider:4)
  Nessos (Lair:6)
  3 entropy weavers
  3 spark wasps (Spider:3)
  A red draconian (Volcano)
  An ironbound thunderhulk (Vaults:1)
  4 boulder beetles
  11 hydras
  A rakshasa (D:15)
  2 catoblepae
  2 dancing weapons (D:14)
  7 centaur warriors
  3 two-headed ogres
  An orc high priest (Orc:1)
  6 death yaks (Lair:5)
  A tengu warrior (D:13)
  Urug (D:12)
  A fire crab (Lair:5)
  A skeletal warrior (D:7)
  A wizard (D:14)
  A glowing orange brain (D:15)
  Pikel (D:6)
  12 orb spiders
  3 harpies (Vaults:1)
  4 orc knights
  2 deep elf pyromancers (D:14)
  7 ugly things
  25 wolf spiders
  4 orc sorcerers
  2 moths of wrath (Spider:2)
  5 cyclopes
  4 manticores
  A merfolk siren (Lair:2)
  10 elephants
  Maurice (D:9)
  A torpor snail (shapeshifter) (D:15)
  A guardian serpent (Lair:6)
  3 molten gargoyles
  8 black mambas
  3 torpor snails
  3 gargoyles
  13 cane toads
  8 komodo dragons
  A rime drake (shapeshifter) (D:13)
  A kobold demonologist (D:5)
  4 rime drakes
  2 yaktaurs (Volcano)
  An efreet (D:13)
  13 demonic crawlers
  3 meliai (Spider:4)
  33 jumping spiders
  2 polar bears (Lair:6)
  8 trolls
  Grinder (D:4)
  Prince Ribbit (D:9)
  12 hornets
  16 blink frogs
  9 slime creatures
  Sigmund (D:6)
  4 vampires
  The ghost of nxtlvl the Ducker, an amateur SpMo (D:7)
  52 yaks
  50 redbacks
  23 tarantellas
  5 wraiths
  2 fire bats (Volcano)
  2 shadows
  9 wyverns
  2 steam dragons
  6 basilisks
  3 vampire mosquitoes (D:13)
  Menkaure (D:4)
  3 wargs
  Edmund (D:4)
  4 acid dragons
  24 water moccasins
  50 orc warriors
  An ice beast (D:6)
  2 black bears
  4 boggarts (Vaults:1)
  4 wolves (Lair:6)
  9 ogres
  28 centaurs
  A lemure (D:6)
  2 phantoms
  2 kobold brigands
  Blork the orc (D:5)
  14 bullfrogs
  A scorpion (D:5)
  2 gnoll sergeants
  A wyvern zombie (D:7)
  A water moccasin skeleton (D:6)
  6 wights
  5 killer bees (D:7)
  2 howler monkeys
  14 lava snakes
  3 electric eels
  2 jellies
  2 gnoll shamans
  28 orc priests
  4 centaur zombies
  2 hounds
  6 iguanas
  33 orc wizards
  2 scorpion zombies (D:5)
  Ijyb (D:4)
  8 hell rats
  A killer bee zombie (D:7)
  3 howler monkey zombies (D:9)
  17 gnolls
  7 adders
  5 river rats (D:7)
  A shadow imp (D:6)
  5 white imps
  4 ufetubi
  2 worms (D:2)
  A dart slug (D:1)
  105 orcs
  6 ball pythons
  5 endoplasms
  2 giant cockroaches
  5 hobgoblins
  8 jackals
  13 kobolds
  7 quokkas
  7 bats
  4 frilled lizards
  6 goblins
  18 rats
955 creatures vanquished.

Vanquished Creatures (collateral kills)
  Donald (Spider:3)
  An orc warlord (D:9)
  A ghost moth (Spider:4)
  2 spark wasps (Spider:4)
  Josephine (D:11)
  A fire dragon (D:13)
  A hydra (Lair:6)
  Nergalle (D:11)
  3 cyclopes (D:11)
  A centaur zombie (D:11)
  2 torpor snails
  A molten gargoyle (Volcano)
  A cane toad (Lair:6)
  3 jumping spiders (Spider:4)
  A troll (D:11)
  2 hornets (Spider:4)
  3 yaks
  3 redbacks (Spider:4)
  A tarantella (Spider:4)
  3 wraiths (D:11)
  2 wyverns (Lair:6)
  3 orc warriors
  An orc priest (D:11)
  2 orc wizards
  An orc (D:11)
42 creatures vanquished.

Vanquished Creatures (others)
  A tarantella (Spider:1)
  2 gnolls (Orc:2)
  15 fungi
  40 plants
58 creatures vanquished.

Grand Total: 1055 creatures vanquished

Notes
Turn   | Place    | Note
-------+----------+-------------------------------------------
     0 | D:1      | cahman the Minotaur Berserker began the quest for the Orb.
     0 | D:1      | Reached XP level 1. HP: 19/19 MP: 0/0
    43 | D:1      | Reached XP level 2. HP: 27/27 MP: 1/1
   171 | D:1      | Found a faded altar of an unknown god.
   214 | D:1      | Reached skill level 4 in Fighting
   484 | D:1      | Reached ** piety under Trog
   709 | D:1      | Reached XP level 3. HP: 28/33 MP: 2/2
  1286 | D:2      | Found a shadowy altar of Dithmenos.
  1375 | D:2      | Reached skill level 1 in Throwing
  1375 | D:2      | Reached skill level 1 in Shields
  1619 | D:2      | Reached XP level 4. HP: 40/40 MP: 3/3
  1934 | D:2      | Identified a scroll of acquirement
  1937 | D:2      | Acquired 631 gold pieces
  2277 | D:3      | Reached *** piety under Trog
  2414 | D:3      | Reached XP level 5. HP: 47/47 MP: 4/4
  2494 | D:3      | You fall into a shaft and drop 3 floors!
  2499 | D:6      | Noticed an ogre
  2503 | D:6      | Noticed Sigmund
  2523 | D:5      | Entered Level 5 of the Dungeon
  2570 | D:5      | Found a staircase to the Ecumenical Temple.
  2623 | D:5      | Noticed an ogre
  2623 | D:5      | Noticed a black bear
  2630 | D:5      | Killed an ogre
  2631 | D:5      | Reached skill level 5 in Fighting
  2631 | D:5      | Reached skill level 5 in Maces & Flails
  2634 | D:5      | Killed a black bear
  2635 | D:5      | Reached XP level 6. HP: 56/56 MP: 5/5
  3006 | D:4      | Reached XP level 7. HP: 62/62 MP: 6/6
  3081 | D:4      | Noticed Edmund
  3089 | D:4      | Noticed Ijyb
  3095 | D:4      | Killed Edmund
  3100 | D:4      | Killed Ijyb
  3101 | D:4      | Reached skill level 6 in Fighting
  3274 | D:4      | Noticed Menkaure
  3286 | D:4      | Killed Menkaure
  3484 | D:4      | Found a shimmering altar of Xom.
  3998 | D:4      | Noticed Grinder
  3998 | D:4      | Paralysed by Grinder for 2 turns
  4006 | D:4      | Killed Grinder
  4007 | D:4      | Reached XP level 8. HP: 63/71 MP: 7/7
  4718 | D:5      | Noticed a kobold demonologist
  4730 | D:5      | Reached skill level 7 in Fighting
  4738 | D:5      | Noticed an ice devil
  4738 | D:5      | Killed a kobold demonologist
  4739 | D:5      | Reached skill level 5 in Armour
  4887 | D:5      | Noticed Blork the orc
  4898 | D:5      | Killed Blork the orc
  5073 | D:5      | Found a shimmering blue altar of Sif Muna.
  5288 | D:5      | Found a shadowy altar of Dithmenos.
  5296 | D:5      | Reached skill level 8 in Fighting
  5296 | D:5      | Reached XP level 9. HP: 80/81 MP: 8/8
  5319 | D:5      | Reached skill level 5 in Dodging
  5700 | D:6      | Found an ornate altar of the Wu Jian Council.
  5727 | D:6      | Killed Sigmund
  5934 | D:6      | Reached skill level 5 in Shields
  6304 | D:6      | Noticed Pikel
  6348 | D:6      | Killed Pikel
  6349 | D:6      | Reached skill level 9 in Fighting
  6596 | D:7      | Noticed a cyclops
  6612 | D:7      | Killed a cyclops
  6673 | D:7      | Noticed a manticore
  6677 | D:7      | Noticed a skeletal warrior
  6679 | D:7      | Noticed a gargoyle
  6680 | D:7      | Killed a manticore
  6680 | D:7      | Reached **** piety under Trog
  6681 | D:7      | Reached XP level 10. HP: 92/92 MP: 9/9
  7426 | D:7      | Killed a gargoyle
  7427 | D:7      | Reached skill level 10 in Fighting
  7427 | D:7      | Reached skill level 10 in Maces & Flails
  8578 | D:7      | Killed a skeletal warrior
  8827 | D:7      | Reached ***** piety under Trog
  8930 | D:7      | Found a runed translucent door.
  8931 | D:7      | Noticed nxtlvl's ghost (amateur SpMo)
  8940 | D:7      | Killed nxtlvl's ghost
  8941 | D:7      | Reached skill level 11 in Fighting
  9175 | D:8      | Found a sparkling altar of Nemelex Xobeh.
  9272 | D:8      | Reached XP level 11. HP: 96/102 MP: 10/10
 10934 | D:9      | Found a staircase to the Orcish Mines.
 10953 | D:9      | Noticed Prince Ribbit
 10959 | D:9      | Killed Prince Ribbit
 11129 | D:9      | Noticed Maurice
 11143 | D:9      | Killed Maurice
 11648 | D:9      | Noticed a two-headed ogre
 11659 | D:9      | Killed a two-headed ogre
 12035 | D:9      | Reached skill level 12 in Fighting
 12044 | D:10     | Entered Level 10 of the Dungeon
 12286 | D:10     | Received a gift from Trog
 12848 | D:11     | Noticed Josephine
 12857 | D:11     | Killed Josephine
 12863 | D:11     | Reached XP level 12. HP: 103/113 MP: 3/11
 12894 | D:11     | Found a staircase to the Lair.
 12912 | D:11     | Noticed Nergalle
 12918 | D:11     | Killed Nergalle
 13385 | D:12     | Found Qonu's Jewellery Shoppe.
 13473 | D:12     | Reached skill level 13 in Fighting
 13562 | D:12     | Found a shimmering blue altar of Sif Muna.
 13569 | D:12     | Noticed Frances
 13584 | D:12     | Killed Frances
 13745 | D:12     | Noticed an eight-headed hydra
 13748 | D:12     | Killed an eight-headed hydra
 13834 | D:12     | Acquired an amulet of reflection
 14000 | D:12     | Noticed Urug
 14011 | D:12     | Killed Urug
 14224 | D:12     | Noticed a two-headed ogre
 14229 | D:12     | Killed a two-headed ogre
 14233 | D:12     | Noticed a four-headed hydra
 14241 | D:12     | Killed a four-headed hydra
 14242 | D:12     | Reached skill level 10 in Armour
 14635 | D:13     | Noticed a fire dragon
 14644 | D:13     | Killed a fire dragon
 14648 | D:13     | Noticed a centaur warrior
 14648 | D:13     | Noticed a five-headed hydra
 14659 | D:13     | Killed a five-headed hydra
 14671 | D:13     | Killed a centaur warrior
 14672 | D:13     | Reached XP level 13. HP: 123/123 MP: 4/12
 14968 | D:13     | Reached skill level 14 in Fighting
 15040 | D:13     | Reached skill level 10 in Shields
 15313 | Lair:1   | Entered Level 1 of the Lair of Beasts
 15552 | Lair:1   | Found a gate leading to a gauntlet.
 16398 | Lair:2   | Found a dark tunnel.
 16407 | Volcano  | Entered a volcano
 16617 | Volcano  | Received a gift from Trog
 16751 | Volcano  | Found a bloodstained altar of Trog.
 16833 | Volcano  | Noticed a red draconian
 16843 | Volcano  | Killed a red draconian
 16844 | Volcano  | Reached skill level 10 in Dodging
 17815 | Lair:2   | Found a staircase to the Shoals.
 17998 | Lair:3   | Reached skill level 15 in Fighting
 17998 | Lair:3   | Reached skill level 15 in Maces & Flails
 18460 | Lair:3   | Reached XP level 14. HP: 135/135 MP: 4/13
 19163 | Lair:4   | Found a hole to the Spider Nest.
 19272 | Lair:4   | Received a gift from Trog
 21295 | Lair:6   | Entered Level 6 of the Lair of Beasts
 21331 | Lair:6   | Reached skill level 16 in Fighting
 21750 | Lair:6   | Identified the +0 ring mail of Makhleb's Pride {Int+4}
 21751 | Lair:6   | Identified the +1 ring mail "Ral Omayr" {Rampage Str-3
                  | SInv}
 21893 | Lair:6   | Noticed Nessos
 21902 | Lair:6   | Killed Nessos
 21916 | Lair:6   | Found a staircase to the Slime Pits.
 22013 | Lair:6   | Received a gift from Trog
 22398 | Lair:6   | Acquired 658 gold pieces
 22463 | Spider:1 | Entered Level 1 of the Spider Nest
 22472 | Spider:1 | Reached XP level 15. HP: 141/145 MP: 4/14
 24853 | Spider:2 | Reached skill level 17 in Fighting
 26339 | Spider:3 | Received a gift from Trog
 27139 | Spider:4 | Entered Level 4 of the Spider Nest
 27156 | Spider:4 | Noticed Donald
 27338 | Spider:3 | Killed Donald
 27936 | Spider:3 | Killed a ghost moth
 28496 | Spider:4 | Reached XP level 16. HP: 129/157 MP: 5/15
 29154 | Spider:4 | Reached skill level 18 in Fighting
 29747 | Spider:4 | Identified the +7 dire flail of Agony {vorpal, +Rage Str+2}
                  | (Trog gifted it to you on level 4 of the Spider Nest)
 29747 | Spider:4 | Received a gift from Trog
 29946 | Spider:4 | Got a gossamer rune of Zot
 30215 | Spider:4 | Paralysed by a hornet for 2 turns
 30699 | Spider:4 | Upgraded the game from 0.27.1 to 0.27.1-1-g398f81649c
 30867 | Orc:1    | Entered Level 1 of the Orcish Mines
 31951 | Orc:2    | Entered Level 2 of the Orcish Mines
 32205 | Orc:2    | Noticed Saint Roka
 32671 | Orc:2    | Received a gift from Trog
 33062 | Orc:2    | Reached skill level 19 in Fighting
 33778 | Orc:1    | Killed Saint Roka
 34653 | Orc:2    | Found a staircase to the Elven Halls.
 34744 | Orc:2    | Found Doejeas's Assorted Antiques.
 34744 | Orc:2    | Found Conk's Distillery.
 34746 | Orc:2    | Found Houkhad's General Store.
 34748 | Orc:2    | Found Yggauque's Antique Armour Shop.
 34756 | Orc:2    | Bought a scroll of teleportation for 78 gold pieces
 34757 | Orc:2    | Bought a potion of heal wounds for 85 gold pieces
 34757 | Orc:2    | Bought a potion of heal wounds for 85 gold pieces
 34759 | Orc:2    | Bought a +3 chain mail of willpower for 344 gold pieces
 34764 | Orc:2    | Bought a pair of glowing gloves for 240 gold pieces
 34764 | Orc:2    | Bought a pair of distressingly furry boots for 304 gold
                  | pieces
 34764 | Orc:2    | Identified the -1 pair of boots of Valiance {+Inv Will-
                  | Slay+2} (You bought it in a shop on level 2 of the Orcish
                  | Mines)
 35303 | D:14     | Received a gift from Trog
 35473 | D:14     | Found a gate to the Vaults.
 35480 | D:14     | Reached XP level 17. HP: 163/168 MP: 5/16
 35573 | D:14     | Found Rodwait's Blood Bar.
 35951 | D:15     | Entered Level 15 of the Dungeon
 36059 | D:15     | Found a broken altar of Ashenzari.
 36552 | D:15     | Found a staircase to the Depths.
 36652 | Vaults:1 | Entered Level 1 of the Vaults
 36857 | Vaults:1 | HP: 10/253 [ironbound frostheart/creeping frost[a boggart]
                  | (24)]
 36861 | Vaults:1 | Killed from afar by an ironbound frostheart

Illustrated notes

Levels and vault maps discovered:
D:1:      lemuel_arrival_cross, layout_rooms,
          shapermc_ecumenical_altar_notcrosses, minmay_liquid_box
D:2:      minmay_chambers_of_twos, layout_loops_ring, basic_altar,
          skrybe_limestone_x
D:3:      layout_basic, grunt_ministairs_15
D:4:      layout_basic, tgw_xom, minmay_misc_feat_pillars, uniq_ijyb,
          uniq_menkaure, uniq_grinder, uniq_edmund
D:5:      layout_loops_ring, nicolae_overflow_crystal_walls, kennysheep_mini,
          temple_doors_e, minmay_chambers_of_fives, uniq_blork_the_orc
D:6:      layout_loops_ring, lemuel_doored_altar, serial_glass, glass_columns_a,
          glass_columns_c, glass_columns_a, glass_columns_c, glass_columns_c,
          uniq_sigmund, uniq_pikel
D:7:      lemuel_ratsnest, layout_loops_ring, gammafunk_ghost_grave,
          minmay_the_grid_2x2 [minmay_the_grid_slots, minmay_the_grid_tiny_cups,
          minmay_the_grid_eight, minmay_the_grid_prize_four_corners]
D:8:      layout_layer_cave, nemelex_xobeh_ov_fountains_minmay,
          minmay_misc_feat_enclosed
D:9:      layout_loops_corners, orc_0_dummy, special_room [special_room_orc],
          kennysheep_kite_vault, uniq_maurice, uniq_prince_ribbit1
D:10:     layout_basic
D:11:     layout_big_octagon, erik_lair_orcish_takeover, uniq_nergalle,
          uniq_josephine
D:12:     layout_loops_cross, serial_shops, nicolae_shop_crystal,
          nicolae_sif_muna_condensation, uniq_frances, uniq_urug
D:13:     layout_gridville
D:14:     cheibrodos_magma_flow, layout_rooms, erik_vaults_1,
          guppyfry_shop_blood
D:15:     gammafunk_enter_depths_forms, layout_cave_pools, amethyst_killhole,
          ashenzari_altar_1
Lair:1:   layout_loops_ring, gauntlet_entry_generic,
          chequers_serial_rivers_micro_b, serial_bayou_pond_d,
          grunt_forest_small_clearings, nicolae_lair_grove_arrangements,
          amcnicky_mini_pool_medium
Lair:2:   layout_cave_pods, minmay_shoals_entry_lonely_mermaid, enter_volcano_2
Lair:3:   layout_cave_pods
Lair:4:   layout_roguey, nicolae_spider_entry_tight_spaces, beast_lair_carwin_2
Lair:5:   layout_cellular_growth
Lair:6:   hangedman_lair_tendril_chambers, layout_misc_corridors, slime_dummy,
          uniq_nessos
Spider:1: layout_spider_delve, nicolae_spider_circle_web
Spider:2: layout_spider_delve
Spider:3: layout_spider_delve, nicolae_spider_claw_tunnel,
          hangedman_spider_tarantella_strand
Spider:4: spider_rune_water, nicolae_spider_wall_of_niches, uniq_donald
Orc:1:    layout_caves, nicolae_orc_damp_corner
Orc:2:    st_orc_rangers, layout_caves, uniq_saint_roka
Vaults:1: ontoclasm_vaults_loading_screen, v_alt_pattern_4, vaults_room_pool,
          v_misc_2, vaults_standard_mumra_x, ontoclasm_vaults_ligature,
          vaults_mumra_hexcomb, ontoclasm_vaults_twist,
          nicolae_vaults_yaktaur_gun_rack, nicolae_vaults_specimen_jars,
          vaults_room_fancy_cross, nicolae_vaults_alarming,
          layout_vaults_chaotic_city

Skill      XL: |  1  2  3  4  5  6  7  8  9 10 11 12 13 14 15 16 |
---------------+-------------------------------------------------+-----
Maces & Flails | 4 5 6 8 9 11 12 13 15 16 17 | 17.2
Fighting       | 4 5 6 8 9 11 12 13 15 16 17 19 | 19.7
Throwing       | 1 2 3 4 |  4.0
Shields        | 1 2 3 4 6 7 8 9 10 11 12 14 | 14.4
Armour         | 3 4 5 6 7 9 10 11 12 13 14 | 14.7
Dodging        | 3 4 6 7 8 9 10 11 12 13 | 13.7

Action                   |  1- 3 |  4- 6 |  7- 9 | 10-12 | 13-15 | 16-18 || total
-------------------------+-------+-------+-------+-------+-------+-------++-------
Melee: Mace              |    72 |    58 |       |       |       |       ||   130
       Headbutt          |     6 |    11 |    28 |   116 |   299 |   142 ||   602
       Flail             |       |    26 |   148 |   427 |  1012 |   503 ||  2116
Throw: Stone             |    19 |     3 |     1 |       |       |       ||    23
       Dart              |       |       |    31 |    15 |    16 |       ||    62
       Javelin           |       |       |       |    16 |    30 |    25 ||    71
       Throwing net      |       |       |       |       |     3 |       ||     3
Invok: Berserk           |     4 |     5 |     9 |    13 |     8 |     8 ||    47
       Trog's Hand       |       |     1 |     4 |     2 |       |     4 ||    11
       Brothers in Arms  |       |       |       |     3 |     4 |     7 ||    14
Evoke: Wand              |       |       |     2 |    13 |    15 |       ||    30
  Use: Scroll            |       |     9 |    13 |    10 |    14 |     6 ||    52
       Potion            |       |       |     2 |       |     1 |     3 ||     6
 Stab: Distracted        |       |       |       |     1 |       |       ||     1
       Petrified         |       |       |       |       |       |     6 ||     6
Armor: Leather armour    |     8 |       |       |       |       |       ||     8
       Ring mail         |    11 |    25 |       |       |       |       ||    36
       Chain mail        |       |    16 |    55 |   130 |       |    85 ||   286
       Plate armour      |       |       |       |    65 |   504 |   269 ||   838
Dodge: Dodged            |    36 |    43 |    66 |   165 |   253 |   172 ||   735
Block: Buckler           |       |       |       |    60 |    47 |       ||   107
       Reflection        |       |       |       |     6 |     9 |    79 ||    94
       Tower shield      |       |       |       |       |  1283 |   877 ||  2160
